 Dungeon Crawl Stone Soup version 0.27.1-33-g824d729ab1 (webtiles) character file.

Game seed: 2077617151166562130

19 SeanCanFly the Skirmisher (level 2, 0/27 HPs)
             Began as a Hill Orc Berserker on Nov 25, 2021.
             Was a Follower of Trog.
             Slain by a bat (1 damage)
             ... on level 1 of the Dungeon.
             The game lasted 00:01:26 (636 turns).

SeanCanFly the Skirmisher (Hill Orc Berserker)       Turns: 636, Time: 00:01:27

Health: 0/27       AC:  2    Str: 19    XL:     2   Next: 75%
Magic:  2/2        EV: 11    Int:  7    God:    Trog [*.....]
Gold:   23         SH:  0    Dex: 10    Spells: 1/1 levels left

rFire    . . .     SeeInvis .     - Unarmed
rCold    . . .     Faith    .   (no shield)
rNeg     . . .     Spirit   .   a - +0 animal skin
rPois    .         Reflect  .   (no helmet)
rElec    .         Harm     .   (no cloak)
rCorr    .         Rampage  .   (no gloves)
Will     .....                  (no boots)
Stlth    +.........             (no amulet)
HPRegen  0.09/turn              (no ring)
MPRegen  0.08/turn              (no ring)

@: on berserk cooldown, slowed, very slow
A: no striking features
a: Renounce Religion, Berserk


You were on level 1 of the Dungeon.
You worshipped Trog.
Trog was aware of your devotion.
You visited 1 branch of the dungeon, and saw 1 of its levels.

You collected 23 gold pieces.

Inventory:

Armour
 a - a +0 animal skin (worn)
Potions
 b - a potion of invisibility {unknown}


   Skills:
 + Level 3.9 Fighting
 + Level 2.5 Armour
 - Level 1.5 Dodging
 * Level 3.8 Unarmed Combat


You had one spell level left.
You didn't know any spells.
Your spell library was empty.

Dungeon Overview and Level Annotations

Branches:
Dungeon (1/15)

Altars:

Shops:
D:1 [=?*


Message History

The gnoll is moderately wounded.
The gnoll hits you with a +0 spear!
You punch the gnoll!
The gnoll is severely wounded.
The gnoll hits you with a +0 spear.
You barely miss the gnoll.
The gnoll is severely wounded.
The gnoll hits you with a +0 spear!
* * * LOW HITPOINT WARNING * * *
You hit the gnoll but do no damage.
The gnoll is severely wounded.
The gnoll barely misses you.
A gnoll is nearby!
A red film seems to cover your vision as you go berserk!
You feel yourself moving faster!
You feel mighty! The gnoll hits you with a +0 spear.
* * * LOW HITPOINT WARNING * * *
You closely miss the gnoll.
The gnoll is severely wounded.
The gnoll barely misses you.
You punch the gnoll!
You kill the gnoll!
Trog accepts your kill.
You see here a +0 spear.
You feel a strong urge to attack something.
A bat is nearby!
You feel your anger nearly subside.
You are no longer berserk.
You are exhausted.
You feel yourself slow down. The bat hits you.
* * * LOW HITPOINT WARNING * * *
You closely miss the bat. The bat barely misses you. The bat hits you.
* * * LOW HITPOINT WARNING * * *
The bat closely misses you. The bat hits you but does no damage.
The bat misses you. The bat hits you but does no damage.
The bat hits you but does no damage. The bat hits you but does no damage.
The bat hits you but does no damage. The bat barely misses you.
The bat hits you.
You die...

.####.#.# .##...#.#
##..<.#.# .'#...#.#
.'####8.# .#.####.#
(##....##..
.########..###########
.............$..@b...#####
.............#####....r...
......(......#.....#####..
...............##........r
...............[..########
................###
......⌠.⌠.........#
.......∩.....#..#.#####
......⌠.⌠......).......


You could see a quokka and a bat.

Vanquished Creatures
  A gnoll (D:1)
  A bat (D:1)
  A giant cockroach (D:1)
  A goblin (D:1)
  2 hobgoblins (D:1)
  A kobold (D:1)
  A frilled lizard (D:1)
8 creatures vanquished.

Notes
Turn   | Place    | Note
-------+----------+-------------------------------------------
     0 | D:1      | SeanCanFly the Hill Orc Berserker began the quest for the
                  | Orb.
     0 | D:1      | Reached XP level 1. HP: 19/19 MP: 1/1
   117 | D:1      | Found Amepekhly's Armour Shoppe.
   186 | D:1      | Found Dasaisk's Jewellery Shop.
   189 | D:1      | Found Qiyg Qaxzym's Magic Scroll Shop.
   189 | D:1      | Found Wall's General Store.
   218 | D:1      | Reached XP level 2. HP: 4/27 MP: 2/2
   629 | D:1      | HP: 1/27 [bat (1)]
   636 | D:1      | Slain by a bat

Illustrated notes

Levels and vault maps discovered:
D:1:      saegor_arrival_simple_e, layout_rooms, ebering_ecumenical_altar_rust,
          serial_shops, shop, shop, shop, shop_fountains, shop

Action                   || total
-------------------------++-------
Melee: Unarmed           ||    33
Invok: Berserk           ||     1
Armor: Animal skin       ||    15
Dodge: Dodged            ||    32
